 Dungeon Crawl Stone Soup version 0.30-a0-918-g0ff054e9dc (webtiles) character file.

Game seed: 9472658238745128413

1508 Twinkles the Cleaver (level 8, -11/66 (70) HPs)
             Began as a Hill Orc Reaver on Mar 20, 2023.
             Was a Follower of Elyvilon.
             Mangled by a wight
             ... wielding a +3 spear of freezing
              (19 damage)
             ... on level 6 of the Dungeon.
             The game lasted 00:22:15 (5365 turns).

Twinkles the Cleaver (Hill Orc Reaver)              Turns: 5365, Time: 00:22:16

HP:   -11/66 (70)   AC:  9    Str: 17    XL:     8   Next: 82%
MP:   11/11         EV:  2    Int: 13    God:    Elyvilon [*.....]
Gold: 265           SH:  0    Dex:  9    Spells: 9/10 levels left

rFire   . . .      SeeInvis .    b - +2 whip (venom)
rCold   + . .      Faith    .    j - +0 kite shield
rNeg    . . .      Spirit   .    c - +2 ring mail {Will+}
rPois   .          Reflect  .    (no helmet)
rElec   .          Rampage  .    (no cloak)
rCorr   .                        h - +0 pair of gloves
Will    +....                    (no boots) Stlth
                                 (no amulet)
HPRegen 0.31/turn                v - ring of protection from cold
MPRegen 0.12/turn                (no ring)

@: sleeping, drained
A: no striking features
a: Renounce Religion, Purification


You were on level 6 of the Dungeon.
You worshipped Elyvilon.
Elyvilon was aware of your devotion.
You visited 1 branch of the dungeon, and saw 6 of its levels.
You also visited: Ossuary.

You collected 265 gold pieces.

Inventory:

Hand Weapons
 a - a +0 hand axe
 b - a +2 whip of venom (weapon)
Missiles
 n - a throwing net
 y - 10 poisoned darts (quivered)
 A - 4 curare-tipped darts
Armour
 c - a +2 ring mail of willpower (worn)
 h - a +0 pair of gloves (worn)
 j - a +0 kite shield (worn)
 r - a +0 leather armour
Jewellery
 v - a ring of protection from cold (left hand)
Wands
 q - a wand of flame (26)
Scrolls
 d - a scroll of immolation {unknown}
 f - a scroll of butterflies {unknown}
 i - a scroll of enchant weapon {unknown}
 o - a scroll of teleportation {unknown}
 s - a scroll of fog {unknown}
 t - a scroll of amnesia {unknown}
 w - a scroll of brand weapon {unknown}
 x - a scroll of enchant armour {unknown}
 z - a scroll of acquirement {unknown}
 D - a scroll of blinking
 E - a scroll of fear
 V - 5 scrolls of vulnerability
 Z - a scroll of identify
Potions
 e - 2 potions of heal wounds {unknown}
 g - 2 potions of flight {unknown}
 k - 2 potions of might {unknown}
 l - 2 potions of lignification {unknown}
 p - 2 potions of haste {unknown}
 u - a potion of cancellation {unknown}
 B - 4 potions of brilliance
 J - 3 potions of curing
 U - 5 potions of mutation


   Skills:
 + Level 6.0 Fighting
 * Level 9.4 Axes
 + Level 4.7 Armour
 - Level 1.5 Dodging
 + Level 3.9 Shields
 - Level 1.5 Spellcasting
 - Level 3.0 Conjurations
 + Level 4.7 Invocations


You had 9 spell levels left.
You knew the following spells:

 Your Spells              Type           Power      Damage    Failure   Level
a - Kiss of Death         Conj/Necr      16%        2d6       61%         1

Your spell library contained the following spells:

 Spells                   Type           Power      Damage    Failure   Level
 Momentum Strike          Conj/Tloc      8%         3d8       75%         2
 Summon Small Mammal      Summ           4%         N/A       82%         1
 Hailstorm                Conj/Ice       4%         3d4       93%         3
 Call Canine Familiar     Summ           1%         N/A       99%         3
 Summon Guardian Golem    Hex/Summ       1%         N/A       99%         3


Dungeon Overview and Level Annotations

Branches:
Dungeon (6/15) Zot: 26053 Ossuary (visited)
 Temple: D:4-7

Altars:
Elyvilon
Ru
Trog
Xom
Zin

Shops:
D:5 *

Annotations:
D:5 2 exclusions, Menkaure
D:6 AverageBear's ghost, novice OpCA


Message History

The sleepcap attacks as you move away! The sleepcap closely misses you.
The adder attacks as you move away! You block the adder's attack.
You closely miss the adder. You block the adder's attack.
The wight hits you from afar with a +3 spear of freezing!
You feel drained. The wight freezes you.
The adder bites you but does no damage.
You hit the adder.
The adder is poisoned.
The adder is moderately wounded.
The adder bites you but does no damage.
The sleepcap releases spores at you but does no damage.
You block the wight's attack. The adder attacks as you move away!
The adder bites you but does no damage.
The sleepcap looks more healthy.
An ice beast comes into view.
The adder bites you but does no damage.
You hit the sleepcap.
The sleepcap is severely damaged.
You kill the adder!
A wight comes into view. It is wielding a +0 battleaxe.
The sleepcap releases spores at you.
* * * LOW HITPOINT WARNING * * *
You are engulfed in a cloud of soporific spores!
You fall asleep.
The wight hits you from afar with a +3 spear of freezing.
You wake up.
* * * LOW HITPOINT WARNING * * *
Unknown command.
AverageBear's ghost lets out a mournful wail.
An iguana comes into view.
The sentinel's mark upon you fades away.
The iguana bites you!
* * * LOW HITPOINT WARNING * * *
You hit the iguana.
The iguana is poisoned.
The iguana is moderately wounded.
You block the iguana's attack. The sleepcap releases spores at you.
* * * LOW HITPOINT WARNING * * *
You are engulfed in a cloud of soporific spores!
You fall asleep.
The wight hits you from afar with a +3 spear of freezing!!
You die...

#..............##
#.###SY.†W.Sz...###
#.#
#.######.....>##
#.# #W# ##)#....###
#.###z# #.###.$....
#..##W#
###.#.z....#
##.##z#
#..zz....... #.##f#
#.##...)...#
#.##@### #.#W.....
#.##.l.# #.##..###
#.####.# #.##.##.##
#.# #.# #.......#
#.# #.# #.#####.##
#.# #.###.# #..###
#.# #.##..# #.....
#.# #.##..# #.##..
#.#
##.##..#####.##..


You could see an ice beast, a phantom, a sleepcap, an iguana (very poisoned), 2
wights, AverageBear's ghost and an adder.

Vanquished Creatures
  A boulder beetle (D:6)
  An orc warrior (D:6)
  An ogre (D:5)
  A scorpion (D:6)
  5 wights
  3 hounds
  A sleepcap (D:6)
  3 iguanas
  2 orc wizards
  8 adders
  A shadow imp (D:5)
  2 ufetubi
  3 worms
  4 dart slugs
  7 orcs
  7 bats
  6 endoplasms
  A giant cockroach (D:1)
  10 goblins
  7 hobgoblins
  4 jackals (D:1)
  4 ball pythons
  2 frilled lizards
  13 kobolds
  2 rats
99 creatures vanquished.

Notes
Turn   | Place    | Note
-------+----------+-------------------------------------------
     0 | D:1      | Twinkles the Hill Orc Reaver began the quest for the Orb.
     0 | D:1      | Reached XP level 1. HP: 18/18 MP: 3/3
   178 | D:1      | Reached XP level 2. HP: 18/25 MP: 4/4
   283 | D:1      | Reached skill level 1 in Armour
   358 | D:1      | Reached XP level 3. HP: 29/30 MP: 5/5
   560 | D:1      | Reached skill level 5 in Axes
  1175 | D:2      | Found a sacrificial altar of Ru.
  1550 | D:3      | Reached XP level 4. HP: 38/38 MP: 6/6
  1978 | D:3      | Found a faded altar of an unknown god.
  2580 | D:4      | Reached skill level 6 in Axes
  2580 | D:4      | Reached XP level 5. HP: 43/46 MP: 7/7
  2777 | D:4      | Found a glowing silver altar of Zin.
  2780 | D:4      | Found a bloodstained altar of Trog.
  2781 | D:4      | Found a shimmering altar of Xom.
  2781 | D:4      | Found a white marble altar of Elyvilon.
  2834 | D:4      | Became a worshipper of Elyvilon the Healer
  3157 | D:5      | Entered Level 5 of the Dungeon
  3176 | D:5      | Found Mamuqoecs's Gadget Gallery.
  3212 | D:5      | Reached skill level 1 in Invocations
  3233 | D:5      | Reached skill level 1 in Shields
  3272 | D:5      | Found a sand-covered staircase.
  3280 | Ossuary  | Entered an ossuary
  3505 | D:5      | Noticed an ogre
  3520 | D:5      | HP: 13/46 [hound (1)]
  3525 | D:4      | HP: 7/46 [hound (2)]
  3534 | D:4      | Reached XP level 6. HP: 9/52 MP: 8/8
  4066 | D:5      | Reached skill level 7 in Axes
  4203 | D:5      | Noticed Menkaure
  4434 | D:6      | Reached * piety under Elyvilon
  4491 | D:6      | Reached XP level 7. HP: 59/60 MP: 9/9
  4514 | D:6      | HP: 17/60 [orc warrior/+0 halberd (19)]
  4517 | D:6      | HP: 7/60 [orc warrior/+0 halberd (8)]
  4781 | D:6      | Found a runed translucent gate.
  4782 | D:6      | Found a runed translucent gate.
  4782 | D:6      | Found a runed translucent gate.
  4784 | D:6      | Noticed AverageBear's ghost (novice OpCA)
  4788 | D:6      | Noticed a boulder beetle
  5067 | D:6      | Reached skill level 8 in Axes
  5075 | D:6      | Reached skill level 5 in Fighting
  5083 | D:6      | HP: 15/58 [wight/+1 scimitar (11)]
  5088 | D:6      | Reached XP level 8. HP: 13/66 MP: 10/10
  5337 | D:6      | Killed a boulder beetle
  5338 | D:6      | Reached skill level 9 in Axes
  5356 | D:6      | HP: 19/66 [sleepcap (2)]
  5364 | D:6      | HP: 10/66 [iguana (11)]
  5365 | D:6      | Mangled by a wight

Illustrated notes

Levels and vault maps discovered:
D:1:      amcnicky_arrival_double_pillar, layout_basic, serial_corexii_hall,
          chequers_hall_statues_corner_a, corexii_hall_statues_x,
          corexii_hall_statues_u, corexii_hall_statues_l
D:2:      layout_loops_cross, basic_altar, kennysheep_generic_room_5
D:3:      layout_loops_ring, shapermc_ecumenical_altar_notcrosses
D:4:      layout_gridville, grunt_temple_overflow_open
D:5:      layout_rooms, lightli_ossuary_entry_decrepit_ruins,
          nicolae_shop_gadgets, uniq_menkaure
D:6:      layout_loops_ring, gammafunk_ghost_split

Skill      XL: |  1  2  3  4  5  6  7  8 |
---------------+-------------------------+-----
Armour         | 1 2 3 4 |  4.7
Fighting       | 3 4 5 6 |  6.0
Axes           | 5 6 7 8 9 |  9.4
Invocations    | 1 2 3 4 |  4.7
Shields        | 1 3 |  3.9
Dodging        | |  1.5
Spellcasting   | |  1.5
Conjurations   | |  3.0

Action                     |  1- 3 |  4- 6 |  7- 9 || total
---------------------------+-------+-------+-------++-------
  Melee: Hand axe          |   134 |       |     9 ||   143
         Whip              |    22 |   168 |    82 ||   272
         Punch             |     2 |       |       ||     2
  Throw: Dart              |       |    13 |       ||    13
    Use: Scroll            |       |     6 |     1 ||     7
 Armour: Leather armour    |    11 |       |       ||    11
         Ring mail         |    57 |    65 |    31 ||   153
  Dodge: Dodged            |    77 |    86 |    36 ||   199
  Block: Kite shield       |       |    24 |    40 ||    64

Table legend: (Time is in decaauts)
 A = Elapsed time spent in this place.
 B = Non-inter-level travel time spent in this place.
 C = Inter-level travel time spent in this place.
 D = Time resting spent in this place.
 E = Time spent auto-exploring this place.
 F = Levels seen in this place.
 G = Mean time per level.
                   A        B        C        D        E       F      G
               +--------+--------+--------+--------+--------+-----+--------+
         Total |   5401 |   5027 |    374 |    730 |   3084 |   7 |  771.6 |
       Dungeon |   5360 |   4986 |    374 |    730 |   3075 |   6 |  893.3 |
       Ossuary |     41 |     41 |      0 |      0 |      9 |   1 |   41.0 |
               +--------+--------+--------+--------+--------+-----+--------+

Top non-repeatable levels by time:
     D:4: 1523 daAuts
     D:5: 1163 daAuts
     D:1: 804 daAuts
     D:3: 765 daAuts
     D:2: 669 daAuts
     D:6: 434 daAuts
 Ossuary: 41 daAuts
